 Dungeon Crawl Stone Soup version 0.30.1-11-g7821555f0a (webtiles) character file.

Game seed: 7546028235960429142

354 ChrisAssaf the Charlatan (level 6, -6/46 HPs)
             Began as a Human Artificer on Dec 3, 2023.
             Was an Initiate of Ru.
             Mangled by Prince Ribbit (11 damage)
             ... on level 5 of the Dungeon.
             The game lasted 00:07:48 (1519 turns).

ChrisAssaf the Charlatan (Human Artificer)          Turns: 1519, Time: 00:07:49

Health: -6/46      AC:  3    Str: 13    XL:     6   Next: 94%
Magic:  15/15      EV: 12    Int: 13    God:    Ru [......]
Gold:   103        SH:  0    Dex: 13    Spells: 5/5 levels left

rFire   . . .        n - +10 sling of Rycsod {elec, *Corrode rPois MP+9 Stlth+}
rCold   . . .        (no shield)
rNeg    . . .        b - +0 leather armour
rPois   +            (no helmet)
rElec   .            (no cloak)
rCorr   .            (no gloves)
SInv    .            (no boots)
Will    .....        (no amulet)
Stlth   +++          (no ring)
HPRegen 0.27/turn    (no ring)
MPRegen 0.14/turn

%: corrode self (3%)
@: no status effects
A: no striking features
a: Renounce Religion


You were on level 5 of the Dungeon.
You worshipped Ru.
Ru was noncommittal.
You visited 1 branch of the dungeon, and saw 5 of its levels.

You collected 103 gold pieces.

Inventory:

Hand Weapons
 a - a +0 club
 g - a +0 short sword
 j - a +0 spear
 n - the +10 sling of Rycsod (weapon) {elec, *Corrode rPois MP+9 Stlth+}
   (You found it on level 4 of the Dungeon)

   rPois:     It protects you from poison.
   MP:        It affects your magic capacity (+9).
   *Corrode:  It may corrode you when you take damage.
   Stlth:     It makes you more stealthy.
Armour
 b - a +0 leather armour (worn)
Jewellery
 p - a ring of positive energy
Wands
 c - a wand of flame (40)
 d - a wand of charming (10)
 e - a wand of iceblast (2)
 i - a wand of quicksilver (15)
 l - a wand of digging (2)
Scrolls
 f - a scroll of amnesia
Potions
 k - a potion of flight {unknown}


   Skills:
 * Level 2.8 Fighting
 - Level 0.1 Short Blades
 + Level 1.9 Polearms
 * Level 1.4 Ranged Weapons
 * Level 3.0 Armour
 * Level 2.4 Dodging
 * Level 2.4 Stealth
 * Level 4.2 Evocations


You had 5 spell levels left.
You didn't know any spells.
Your spell library was empty.

Dungeon Overview and Level Annotations

Branches:
Dungeon (5/15)
 Temple: D:4-7

Altars:
Ru

Annotations:
D:5 Menkaure, Prince Ribbit


Message History

The sling bullet barely misses Menkaure.
Prince Ribbit comes into view.
Really read the scroll of immolation?
As you read the scroll of immolation, it crumbles to dust.
The creatures around you are filled with an inner flame!
Fire: n) +10 sling of Rycsod {elec, *Corrode rPois MP+9 Stlth+}
Press: ? - help, Q - select action, (/) - cycle Shift-Dir - straight line, f - Prince Ribbit, p - Menkaure
Aim: Prince Ribbit (wandering, inner flame, hasn't noticed you, 50% to hit)
You shoot a sling bullet. The sling bullet misses Prince Ribbit.
Prince Ribbit gives a loud, deep croak!
Prince Ribbit blinks!
Prince Ribbit misses you.
Prince Ribbit blinks!
Fire: n) +10 sling of Rycsod {elec, *Corrode rPois MP+9 Stlth+}
Press: ? - help, Q - select action, (/) - cycle Shift-Dir - straight line, f/p - Prince Ribbit
Aim: Prince Ribbit (inner flame, 50% to hit)
You shoot a sling bullet. The sling bullet hits Prince Ribbit.
Flame seeps out of Prince Ribbit.
Prince Ribbit is lightly wounded.
Prince Ribbit is engulfed in blazing flames.
Flame seeps out of Prince Ribbit.
Prince Ribbit catches a mosquito with his tongue.
Prince Ribbit blinks!
Prince Ribbit hits you! Prince Ribbit barely misses you.
Menkaure blazes with dark energy!
Prince Ribbit attacks as you move away!
Prince Ribbit hits you but does no damage.
Prince Ribbit hits you! Prince Ribbit attacks as you move away!
Prince Ribbit hits you!
* * * LOW HITPOINT WARNING * * *
Prince Ribbit attacks as you move away! Prince Ribbit hits you.
* * * LOW HITPOINT WARNING * * *
Prince Ribbit hits you but does no damage.
You feel better.
Prince Ribbit blinks!
Prince Ribbit attacks as you move away! Prince Ribbit hits you!
* * * LOW HITPOINT WARNING * * *
Prince Ribbit catches a millipede with his tongue.
Prince Ribbit misses you. Prince Ribbit attacks as you move away!
Prince Ribbit hits you!
You die...

#####.###.#
#.##
#.........#
##...##
#.###<###.#
#..... #.#
#.# #.# #....
#.#
#.###.###.M.
##########.#
#.##M...#..
...>.......#
#.#§#.#.#.#
############
#..##...#.#.#
#.F@.......#
##.#.#..###.#
##...#.# .#
##.##†# #
#.##.# ..##.#
<...#.# <.
..#.# ###


You could see Prince Ribbit (inner flame).

Vanquished Creatures
  An ogre (D:5)
  2 scorpions (D:5)
  2 electric eels (D:3)
  A sleepcap (D:5)
  An adder (D:3)
  A worm (D:5)
  An orc (D:5)
  2 ball pythons
  4 bats
  3 endoplasms
  A giant cockroach (D:2)
  2 goblins
  4 hobgoblins (D:3)
  4 jackals (D:2)
  4 kobolds
  4 rats (D:2)
37 creatures vanquished.

Vanquished Creatures (collateral kills)
  A frilled lizard (D:3)
1 creature vanquished.

Vanquished Creatures (others)
  An orc (D:3)
1 creature vanquished.

Grand Total: 39 creatures vanquished

Notes
Turn   | Place    | Note
-------+----------+-------------------------------------------
     0 | D:1      | ChrisAssaf the Human Artificer began the quest for the Orb.
     0 | D:1      | Reached XP level 1. HP: 15/15 MP: 1/1
   117 | D:1      | Reached XP level 2. HP: 17/21 MP: 2/2
   369 | D:2      | Reached XP level 3. HP: 26/26 MP: 3/3
   554 | D:3      | Found a faded altar of an unknown god.
   570 | D:3      | Found a transporter.
   600 | D:3      | Found a transporter.
   796 | D:3      | Reached skill level 1 in Polearms
   796 | D:3      | Reached XP level 4. HP: 33/33 MP: 4/4
   796 | D:3      | Reached XP level 5. HP: 38/38 MP: 5/5
   874 | D:4      | Identified the +10 sling of Rycsod {elec, *Corrode rPois
                  | MP+9 Stlth+}
   888 | D:5      | Entered Level 5 of the Dungeon
  1022 | D:5      | Reached skill level 4 in Evocations
  1157 | D:5      | Reached XP level 6. HP: 41/45 MP: 6/6
  1218 | D:5      | Found a sacrificial altar of Ru.
  1225 | D:5      | Became a worshipper of Ru the Awakened
  1260 | D:5      | Noticed an ogre
  1267 | D:5      | Killed an ogre
  1268 | D:5      | Reached skill level 1 in Ranged Weapons
  1501 | D:5      | Noticed Menkaure
  1503 | D:5      | Noticed Prince Ribbit
  1519 | D:5      | Mangled by Prince Ribbit

Illustrated notes

Levels and vault maps discovered:
D:1:      matt_arrival_grand_opening, layout_loops_ring, minmay_ruptured
D:2:      layout_loops_cross, nicolae_shop_vocational, uniq_jessica
D:3:      gammafunk_steamed_eel, layout_loops_cross,
          shapermc_ecumenical_altar_venn, minmay_unequal
D:4:      minmay_general_purpose_star, layout_basic, minmay_crossroads
D:5:      layout_loops_ring, lemuel_round_altar, minmay_statues_item,
          uniq_menkaure, uniq_eustachio, uniq_prince_ribbit1

Skill      XL: |  1  2  3  4  5  6 |
---------------+-------------------+-----
Fighting       | 2 |  2.8
Polearms       | 1 |  1.9
Dodging        | 2 |  2.4
Evocations     | 4 |  4.2
Stealth        | 2 |  2.4
Ranged Weapons | 1 |  1.4
Armour         | 3 |  3.0
Short Blades   | |  0.1

Action                     |  1- 3 |  4- 6 || total
---------------------------+-------+-------++-------
  Melee: Short sword       |    20 |       ||    20
         Spear             |    72 |       ||    72
   Fire: Sling             |       |    21 ||    21
  Evoke: Wand              |    14 |     2 ||    16
    Use: Scroll            |     2 |     4 ||     6
         Potion            |     3 |     1 ||     4
 Armour: Leather armour    |    44 |     2 ||    46
  Dodge: Dodged            |    61 |     3 ||    64
